 Dungeon Crawl Stone Soup version 0.18.1-8-gdd0e5ea (webtiles) character file.

5028 kae the Spear-Bearer (level 10, -21/108 HPs)
             Began as a Naga Fighter on May 29, 2016.
             Was a Believer of Cheibriados.
             Demolished by a cyclops (30 damage)
             ... on level 8 of the Dungeon.
             The game lasted 00:14:59 (9433 turns).

kae the Spear-Bearer (Naga Fighter)                 Turns: 9433, Time: 00:15:00

Health: -21/108    AC: 10    Str: 26    XL:     10   Next: 55%
Magic:  9/9        EV:  7    Int: 13    God:    Cheibriados [**....]
Gold:   145        SH: 10    Dex: 16    Spells: 0 memorised, 9 levels left

rFire  . . .     SeeInvis +     E - +1 spear (curse)
rCold  . . .     Gourm    .     b - +0 scale mail
rNeg   . . .     Faith    .     c - +0 shield
rPois  +         Spirit   .     j - +1 helmet {SInv}
rElec  .         Dismiss  .     (no cloak)
rCorr  +         Reflect  .     m - +0 pair of gloves
SustAt .         Harm     +     (no barding)
MR     +....                    p - amulet of harm
Stlth  +.........               D - ring of resist corrosion
                                i - ring of stealth

@: very slow, somewhat resistant to hostile enchantments, very unstealthy
A: repulsion field 1, see invisible, deformed body, low mp 1, poison resistance,
robust 1, slowness 2, slow metabolism 1, spit poison 2, strong 1, AC +3
a: Spit Poison, Bend Time, Renounce Religion


You were on level 8 of the Dungeon.
You worshipped Cheibriados.
Cheibriados was pleased with you.
You were not hungry.

You visited 2 branches of the dungeon, and saw 9 of its levels.

You collected 271 gold pieces.
You spent 126 gold pieces at shops.

Inventory:

Hand Weapons
 a - a +0 trident
 E - a cursed +1 spear (weapon)
Armour
 b - a +0 scale mail (worn)
 c - a +0 shield (worn)
 j - a +1 helmet of see invisible (worn)
 m - a +0 pair of gloves (worn)
Jewellery
 i - a ring of stealth (left hand)
 p - an amulet of harm (around neck)
 t - an uncursed ring of magical power
 y - an uncursed ring of stealth
 D - a ring of resist corrosion (right hand)
Wands
 d - a wand of paralysis (7/24)
 q - a wand of slowing (19/48)
 w - a wand of flame (28/48)
 x - a wand of paralysis (20/24)
 A - a wand of random effects (38/48)
 C - a wand of confusion (25/48)
 H - a wand of iceblast (7/15)
Scrolls
 e - 2 scrolls of noise
 n - 4 scrolls of remove curse
 F - 2 scrolls of recharging
Potions
 h - 2 potions of cancellation
 r - 2 potions of curing
 s - a potion of flight {unknown}
 u - a potion of haste
 B - a potion of berserk rage
 G - a potion of agility
Books
 o - a book of Changes

   Spells                             Type                      Level
   a - Beastly Appendage              Transmutation                1
   b - Sticks to Snakes               Transmutation                2
   c - Spider Form                    Transmutation/Poison         3
   d - Ice Form                       Ice/Transmutation            4
   e - Blade Hands                    Transmutation                5
Comestibles
 f - 5 bread rations
 k - 9 slices of pizza
 v - 4 beef jerkies


   Skills:
 + Level 9.0 Fighting
 * Level 12.5 Polearms
 - Level 2.4 Armour
 - Level 2.4 Shields


You had 9 spell levels left.
You didn't know any spells.

Dungeon Overview and Level Annotations

Branches:
Dungeon (8/15)             Temple (1/1) D:4
   Lair: D:8-11

Altars:
Ashenzari
Cheibriados
Dithmenos
Elyvilon
Fedhas
Gozag
Kikubaaqudgha
Nemelex Xobeh
Okawaru
Pakellas
Qazlal
Ru
Sif Muna
Trog
Vehumet
Xom
Yredelemnul
Zin
The Shining One

Shops:
D:7 [


Innate Abilities, Weirdness & Mutations

You cannot wear boots.
Your serpentine skin is tough (AC +3).
You have supernaturally acute eyesight.
Armour fits poorly on your strangely shaped body.
Your system is resistant to poisons.
You cover ground very slowly.
You have a slow metabolism.
You can spit poison.
You are surrounded by a mild repulsion field (EV +2).
Your magical capacity is low (-10% MP).
You are robust (+10% HP).
Your muscles are strong. (Str +2)


Message History

You kill the killer bee!
Cheibriados thoroughly appreciates the change of pace.
Cheibriados raises the support of your attributes as your movement slows.
You feel slightly more hungry.
You start resting.
You have got your breath back.
You start resting.
Magic restored.
You start resting.
All of the chunks of flesh in your inventory have rotted away.
The cyclops shouts!
Found 20 stones.
Unknown command.
Unknown command.
The cyclops throws a large rock.
The large rock hits you!
The cyclops throws a large rock.
The large rock hits you!!
* * * LOW HITPOINT WARNING * * *
You see here a large rock.
The cyclops hits you!!
You die...

........#.##).####........#
#.###
.#.###.###..).#............##.#
# # ...
#.............##..##.###
.#.###......#...#####..##.#..
#.._. #.###(###....# #..##.#.#
# #.# #.# ##†#.#..... ..##.#.#
... #.# #...###.... ......# #.#
#.# #.C...###.. #...#
#.@.#..#..# #...#
.####.(###...## #....
.........#..#..# ##.#.#
#.####.#|..## .. #..#.#
#........ . #..#># ###...###..
#..#.# ..#.. #..... .###..
#.##.. (.#..#. #.##..


You could see a cyclops.

Vanquished Creatures
  The ghost of Rationalist the Fighter, a novice MiBe of Trog (D:6)
  Pikel (D:4)
  A cyclops (D:8)
  Grinder (D:6)
  Sigmund (D:5)
  A hog (D:8)
  A human (D:8)
  2 ice beasts (D:8)
  4 sky beasts
  2 slaves (D:4)
  3 ogres
  A phantom (D:8)
  2 orc warriors
  A centaur (D:5)
  A big kobold (D:8)
  3 giant frogs
  8 killer bees
  6 wights
  2 crimson imps
  2 hounds
  2 jellies
  4 orc wizards
  4 orc priests
  4 giant frog skeletons
  Natasha (thrice) (D:3)
  5 worker ants
  3 sheep (D:8)
  A hound skeleton (D:7)
  8 adders
  A shadow imp (D:5)
  An adder skeleton (D:5)
  2 worms
  A worm (shapeshifter) (D:8)
  4 dart slugs
  4 giant geckos
  30 orcs
  4 bats
  5 giant cockroaches
  7 goblins
  9 hobgoblins
  13 jackals
  3 quokkas
  2 ball pythons (D:1)
  4 giant newts
  A goblin skeleton (D:4)
  2 goblin zombies (D:4)
  3 hobgoblin zombies (D:4)
  A jackal skeleton (D:4)
  7 kobolds
  2 kobold skeletons (D:4)
  A kobold zombie (D:4)
  2 orc skeletons (D:4)
  An orc zombie (D:4)
  A quokka skeleton (D:5)
  2 quokka zombies
  11 rats
202 creatures vanquished.

Vanquished Creatures (others)
  An unseen horror (D:8)
  A slave (D:4)
  2 plants (D:7)
4 creatures vanquished.

Grand Total: 206 creatures vanquished

Notes
Turn   | Place    | Note
--------------------------------------------------------------
     0 | D:1      | kae the Naga Fighter began the quest for the Orb.
     0 | D:1      | Reached XP level 1. HP: 21/21 MP: 1/1
    89 | D:1      | Reached XP level 2. HP: 28/28 MP: 2/2
   306 | D:1      | Reached skill level 3 in Polearms
   365 | D:1      | Reached XP level 3. HP: 25/34 MP: 3/3
  1037 | D:2      | Found a blossoming altar of Fedhas.
  1354 | D:2      | Reached skill level 4 in Polearms
  1354 | D:2      | Reached XP level 4. HP: 31/42 MP: 4/4
  2178 | D:3      | Found a faded altar to an unknown god.
  2310 | D:3      | Found a deep blue altar of Sif Muna.
  2323 | D:3      | Reached XP level 5. HP: 29/49 MP: 5/5
  2553 | D:3      | Noticed Natasha
  2559 | D:3      | Reached skill level 5 in Polearms
  2565 | D:3      | Killed Natasha
  2590 | D:3      | Noticed Natasha
  2599 | D:3      | Killed Natasha
  2934 | D:3      | Reached XP level 6. HP: 57/57 MP: 6/6
  3168 | D:3      | Noticed Natasha
  3171 | D:3      | Killed Natasha
  3505 | D:4      | Reached skill level 6 in Polearms
  3508 | D:4      | Found a glowing golden altar of the Shining One.
  3673 | D:4      | Found a bloodstained altar of Trog.
  3730 | D:4      | Reached XP level 7. HP: 42/66 MP: 7/7
  3916 | D:4      | Reached skill level 5 in Fighting
  3972 | D:4      | Found a staircase to the Ecumenical Temple.
  3972 | D:4      | Noticed Pikel
  3993 | D:4      | Killed Pikel
  3993 | D:4      | Reached skill level 8 in Polearms
  3993 | D:4      | Reached XP level 8. HP: 76/76 MP: 8/8
  4172 | Temple   | Entered the Ecumenical Temple
  4587 | D:4      | Found a sacrificial altar of Ru.
  4782 | D:5      | Entered Level 5 of the Dungeon
  5137 | D:5      | Noticed Sigmund
  5143 | D:5      | Killed Sigmund
  5143 | D:5      | Reached skill level 9 in Polearms
  5201 | D:5      | Found a radiant altar of Vehumet.
  5648 | D:6      | Reached XP level 9. HP: 54/85 MP: 9/9
  5774 | D:6      | Noticed Rationalist's ghost (novice MiBe)
  5795 | D:6      | Killed Rationalist's ghost
  5795 | D:6      | Reached skill level 10 in Polearms
  5852 | D:6      | Noticed Grinder
  5854 | D:6      | Paralysed by Grinder for 5 turns
  5866 | D:6      | Killed Grinder
  6418 | D:7      | HP: 4/88 [killer bee (2)]
  6422 | D:7      | Reached skill level 11 in Polearms
  6792 | D:7      | Found an oddly glowing altar of Pakellas.
  6859 | D:7      | Found a basalt altar of Yredelemnul.
  7342 | D:7      | Found a snail-covered altar of Cheibriados.
  7354 | D:7      | Became a worshipper of Cheibriados the Contemplative
  7498 | D:7      | Found Fewk's Antique Armour Shop.
  7505 | D:7      | Bought a shiny helmet for 126 gold pieces
  7693 | D:8      | Reached XP level 10. HP: 20/96 MP: 10/10
  8035 | D:8      | Found a stormy altar of Qazlal.
  8038 | D:8      | Found an ancient bone altar of Kikubaaqudgha.
  8041 | D:8      | Found a shadowy altar of Dithmenos.
  8062 | D:8      | Reached * piety under Cheibriados
  8514 | D:8      | Noticed an unseen horror
  8516 | D:8      | Noticed a cyclops
  8520 | D:8      | Noticed a cyclops
  8521 | D:8      | Noticed a rakshasa
  8524 | D:8      | Killed an unseen horror
  8757 | D:8      | Reached skill level 12 in Polearms
  8825 | D:8      | Reached ** piety under Cheibriados
  8968 | D:8      | Gained mutation: Your muscles are strong. (Str +2) [potion of mutation]
  8968 | D:8      | Gained mutation: You are robust (+10% HP). [potion of mutation]
  8968 | D:8      | Gained mutation: Your magical capacity is low (-10% MP). [potion of mutation]
  8970 | D:8      | Gained mutation: You are surrounded by a mild repulsion field (EV +2). [potion of beneficial mutation]
  9254 | D:8      | Found an opulent altar of Gozag.
  9279 | D:8      | Was placed under penance by Cheibriados
  9285 | D:8      | Killed a cyclops
  9289 | D:8      | Was forgiven by Cheibriados
  9433 | D:8      | Demolished by a cyclops

Skill      XL: |  1  2  3  4  5  6  7  8  9 10 |
---------------+-------------------------------+-----
Polearms       | 3 4 5 6 8 9 11 12 | 12.5
Fighting       | 4 5 6 8 9 |  9.0
Armour         | |  2.4
Shields        | |  2.4

Action                   |  1- 3 |  4- 6 |  7- 9 | 10-12 || total
-------------------------+-------+-------+-------+-------++-------
Melee: Trident           |   167 |   266 |   331 |       ||   764
       Spear             |       |       |    63 |   287 ||   350
Invok: Bend Time         |       |       |       |     4 ||     4
 Abil: Spit Poison       |       |     4 |    25 |     6 ||    35
  Use: Scroll            |     3 |     6 |     4 |     3 ||    16
       Potion            |       |     1 |     4 |     4 ||     9
  Eat: Chunk             |     1 |     7 |     5 |     3 ||    16
       Meat ration       |       |       |     1 |       ||     1
       Bread ration      |       |       |     1 |       ||     1
Armor: Scale mail        |    60 |    68 |    94 |    60 ||   282
       Skin              |       |       |    13 |       ||    13
Dodge: Dodged            |    30 |    47 |    51 |    30 ||   158
Block: Shield            |    52 |    93 |   121 |    81 ||   347
